 Dungeon Crawl Stone Soup version 0.22-a0-402-ga933591 (webtiles) character file.

13414 Gorice the Arsonist (level 11, -5/66 HPs)
             Began as a Deep Elf Fire Elementalist on May 6, 2018.
             Was a Believer of Vehumet.
             Slain by a hell knight
             ... wielding a +1 scimitar of flaming
              (24 damage)
             ... in a volcano on May 7, 2018.
             The game lasted 01:23:12 (14329 turns).

Gorice the Arsonist (Deep Elf Fire Elementalist)   Turns: 14329, Time: 01:23:13

Health: -5/66      AC: 10    Str:  5    XL:     11   Next: 75%
Magic:  2/36       EV: 14    Int: 32    God:    Vehumet [**....]
Gold:   391        SH:  5    Dex: 15    Spells: 7/30 levels left

rFire    + . .     SeeInvis .   a - +6 hand axe of the Fool {drain, rPois MP+9}
rCold    + . .     Gourm    .   H - +0 buckler
rNeg     . . .     Faith    .   S - +2 robe {rC+ rF+}
rPois    +         Spirit   .   o - +1 helmet {Int+3}
rElec    .         Reflect  .   v - +2 cloak
rCorr    .         Harm     .   s - +0 pair of gloves
MR       +....                  (no boots)
Stlth    ++........             I - amulet of regeneration
HPRegen  0.61/turn              m - +1 ring of slaying
MPRegen  0.25/turn              (no ring)

@: brilliant, about to teleport
A: no striking features
a: Renounce Religion


You were in a volcano.
You worshipped Vehumet.
Vehumet was pleased with you.
You were not hungry.

You visited 3 branches of the dungeon, and saw 12 of its levels.
You also visited: Sewer and Volcano.

You collected 391 gold pieces.

Inventory:

Hand Weapons
 a - the +6 hand axe of the Fool (weapon) {drain, rPois MP+9}
   (You found it on level 5 of the Dungeon)

   A truly terrible weapon, it drains the life of those it strikes.
   It protects you from poison.
   It affects your magic capacity (+9).
 b - a +4 scimitar of flaming
   (You took it off Erica on level 9 of the Dungeon)
 B - a +0 blowgun
Missiles
 d - 4 curare-tipped needles
 p - 10 tomahawks (quivered)
Armour
 o - a +1 helmet of intelligence (worn)
   (You found it on level 4 of the Dungeon)
 s - a +0 pair of gloves (worn)
 v - a +2 cloak (worn)
 H - a +0 buckler (worn)
 S - a +2 robe of resistance (worn)
   (You took it off Erica on level 9 of the Dungeon)
Jewellery
 m - a +1 ring of slaying (left hand)
 I - an amulet of regeneration (around neck)
Wands
 y - a wand of polymorph (5)
 z - a wand of flame (42)
 G - a wand of paralysis (8)
 N - a wand of clouds (7)
 O - a wand of iceblast (4)
Scrolls
 h - 2 scrolls of teleportation {!r}
 K - 3 scrolls of fog
 M - a scroll of remove curse
Potions
 e - 2 potions of curing
 f - 2 potions of agility {unknown}
 k - 2 potions of lignification {!q}
 l - 3 potions of brilliance {!q}
 n - 2 potions of haste {!q}
 t - a potion of invisibility {!q}
 w - 2 potions of heal wounds {!q}
 x - 2 potions of flight
 A - 2 potions of might {!q}
 F - a potion of berserk rage
 J - a potion of resistance {unknown}
 P - 4 potions of mutation {!q}
Comestibles
 c - 17 rations
 g - a chunk of flesh


   Skills:
 * Level 6.6 Fighting
 + Level 3.9 Dodging
 - Level 2.4 Stealth
 - Level 4.0 Shields
 - Level 10.0 Spellcasting
 - Level 11.0 Conjurations
 - Level 6.0 Hexes
 - Level 11.0 Fire Magic


You had 7 spell levels left.
You knew the following spells:

 Your Spells              Type           Power        Failure   Level  Hunger
a - Flame Tongue          Conj/Fire      #####        1%          1    None
b - Throw Flame           Conj/Fire      ######       1%          2    None
c - Conjure Flame         Conj/Fire      #######.     1%          3    None
d - Sticky Flame          Conj/Fire      #######.     1%          4    None
e - Confuse               Hex            ######..     1%          3    None
f - Fireball              Conj/Fire      #######...   1%          5    ###....
g - Lightning Bolt        Conj/Air       ######....   1%          5    ###....


Dungeon Overview and Level Annotations

Branches:
Dungeon (10/15)            Temple (1/1) D:7            Lair (1/6) D:10
    Orc: D:9-12

Altars:
Ashenzari
Cheibriados
Dithmenos
Elyvilon
Fedhas
Gozag
Hepliaklqana
Kikubaaqudgha
Makhleb
Nemelex Xobeh
Okawaru
Qazlal
Ru
Sif Muna
Trog
Uskayaw
Vehumet
Wu Jian
Xom
Yredelemnul
Zin
The Shining One

Annotations:
D:3 Borgoz's ghost, amateur HOMo
D:5 vpUX quasit vault need dig


Message History

Aiming: Lightning Bolt (safe; 1% risk of failure)
Press: ? - help, Shift-Dir - straight line, f/p - hell knight
Aim: a hell knight, wielding a scimitar of flaming and wearing a chain mail of fire resistance (heavily wounded)
You hear a mighty clap of thunder!
The bolt of lightning hits the hell knight.
The hell knight is heavily wounded.
The hell knight hits you with a scimitar of flaming!
The hell knight burns you.
Damage: 10 (max 13) Unknown command.
Casting: Lightning Bolt (safe; 1% risk of failure)
Confirm with . or Enter, or press ? or * to list all spells.
Aiming: Lightning Bolt (safe; 1% risk of failure)
Press: ? - help, Shift-Dir - straight line, f/p - hell knight
Aim: a hell knight, wielding a scimitar of flaming and wearing a chain mail of fire resistance (heavily wounded)
You hear a mighty clap of thunder!
The bolt of lightning hits the hell knight.
The hell knight is severely wounded.
The salamander hits you from afar with a halberd.
* * * LOW HITPOINT WARNING * * *
You are engulfed in flames.
You resist.
* * * LOW HITPOINT WARNING * * *
The hell knight casts a spell at you. The puff of flame hits you!
Damage: 10 (max 13) Unknown command.
Unknown command.
Casting: Lightning Bolt (safe; 1% risk of failure)
Confirm with . or Enter, or press ? or * to list all spells.
Aiming: Lightning Bolt (safe; 1% risk of failure)
Press: ? - help, Shift-Dir - straight line, f/p - hell knight
Aim: a hell knight, wielding a scimitar of flaming and wearing a chain mail of fire resistance (severely wounded)
You hear a mighty clap of thunder!
The bolt of lightning hits the hell knight.
The hell knight is severely wounded.
The salamander hits you from afar with a halberd.
* * * LOW HITPOINT WARNING * * *
You are engulfed in flames!
You resist.
* * * LOW HITPOINT WARNING * * *
The hell knight gestures wildly while chanting.
The hell knight seems to speed up.
A salamander mystic comes into view. It is wielding a great mace of flaming.
Damage: 9 (max 13) Unknown command.
Unknown command.
Really read
h - 3 scrolls of teleportation {!r}?
As you read the scroll of teleportation {!r}, it crumbles to dust.
You feel strangely unstable.
The hell knight hits you with a scimitar of flaming!!
You die...

##..............
#.#.....§§≈.§...
##...§.§≈§§≈≈≈§..
#....§§≈≈§≈§§§§≈.
##....§§≈≈§§≈≈§≈≈
#...§.§§§§≈≈≈≈§≈≈
##)...§§≈≈≈≈≈≈§≈§
####p.......≈.≈.≈≈..
#N.@###.............
#N.###
#####.#######. ##
#.## ## #. !# [. §§)
≈≈§


You could see a hell knight, a salamander mystic and a salamander.

Vanquished Creatures
  The ghost of Mgcat the Grappler, a journeyman TrFi of Makhleb (D:10)
  A hydra (Lair:1)
  2 two-headed ogres
  Erica (D:9)
  3 death yaks (D:10)
  Pikel (D:6)
  A salamander (Volcano)
  The ghost of ZomBoFoB the Cudgeler, a novice OgGl (D:5)
  A centaur skeleton (D:10)
  2 trolls (D:10)
  5 hippogriffs
  2 wyverns
  A wraith (D:8)
  9 yaks
  Edmund (D:6)
  A water moccasin (D:7)
  A porcupine (Lair:1)
  4 orc warriors
  3 ice beasts
  3 sky beasts
  3 ogres
  An eye of draining (D:9)
  A phantom (D:9)
  A centaur (D:10)
  A crocodile (Lair:1)
  3 bullfrogs
  3 big kobolds
  5 scorpions
  5 wights (D:9)
  2 crimson imps
  2 centaur zombies
  3 hounds
  Crazy Yiuf (D:6)
  A bullfrog skeleton (D:4)
  4 orc priests
  3 jellies
  An orc wizard (D:8)
  Jessica (D:2)
  An iguana (D:9)
  Ijyb (D:5)
  A hell rat (D:10)
  5 worker ants
  A killer bee zombie (D:10)
  A gnoll (D:1)
  10 adders
  A howler monkey skeleton (D:4)
  2 river rats
  4 shadow imps
  2 oozes
  8 worms
  6 dart slugs
  11 leopard geckos
  24 orcs
  4 bats
  6 giant cockroaches
  8 goblins
  9 hobgoblins
  13 jackals
  5 quokkas
  2 ball pythons (D:3)
  2 frilled lizards
  19 kobolds
  A quokka skeleton (D:7)
  A quokka zombie (D:7)
  13 rats
246 creatures vanquished.

Notes
Turn   | Place    | Note
-------+----------+-------------------------------------------
     0 | D:1      | Gorice the Deep Elf Fire Elementalist began the quest for the Orb.
     0 | D:1      | Reached XP level 1. HP: 10/10 MP: 6/6
   170 | D:1      | Reached skill level 2 in Conjurations
   170 | D:1      | Reached XP level 2. HP: 6/15 MP: 2/8
   732 | D:1      | Reached XP level 3. HP: 19/19 MP: 5/10
   903 | D:1      | Reached skill level 3 in Conjurations
  1219 | D:1      | Learned a level 2 spell: Throw Flame
  1223 | D:1      | Learned a level 3 spell: Conjure Flame
  1264 | D:2      | Reached skill level 4 in Spellcasting
  1505 | D:2      | Learned a level 3 spell: Confuse
  1539 | D:2      | Reached XP level 4. HP: 24/24 MP: 8/12
  1582 | D:2      | Found a faded altar of an unknown god.
  1653 | D:2      | Noticed Jessica
  1659 | D:2      | Killed Jessica
  1745 | D:2      | Reached skill level 1 in Hexes
  2170 | D:3      | Noticed Borgoz's ghost (amateur HOMo)
  2422 | D:3      | Reached XP level 5. HP: 28/28 MP: 10/13
  2450 | D:3      | Found a shimmering altar of Xom.
  2583 | D:3      | Reached skill level 2 in Hexes
  2615 | D:3      | HP: 8/28 [poisoned by an adder]
  3193 | D:3      | Reached skill level 4 in Conjurations
  3193 | D:3      | Reached skill level 4 in Fire Magic
  4226 | D:4      | Reached skill level 3 in Hexes
  4226 | D:4      | Reached XP level 6. HP: 32/32 MP: 7/15
  5007 | D:5      | Entered Level 5 of the Dungeon
  5039 | D:5      | Got a polished hand axe
  5359 | D:5      | Reached skill level 5 in Spellcasting
  5572 | D:5      | Found a glowing drain.
  5579 | Sewer    | Entered a sewer
  5593 | Sewer    | Reached skill level 4 in Hexes
  5655 | Sewer    | Learned a level 4 spell: Sticky Flame
  5694 | Sewer    | Reached skill level 5 in Conjurations
  5694 | Sewer    | Reached skill level 5 in Fire Magic
  5694 | Sewer    | Reached XP level 7. HP: 36/36 MP: 6/16
  5734 | Sewer    | Found a white marble altar of Elyvilon.
  6051 | D:5      | Noticed Ijyb
  6060 | D:5      | Killed Ijyb
  6122 | D:5      | Noticed ZomBoFoB's ghost (novice OgGl)
  6139 | D:5      | Killed ZomBoFoB's ghost
  6139 | D:5      | Reached skill level 6 in Conjurations
  6139 | D:5      | Reached skill level 5 in Hexes
  6139 | D:5      | Reached skill level 6 in Fire Magic
  6139 | D:5      | Reached XP level 8. HP: 13/41 MP: 2/18
  6744 | D:6      | Found a sparkling altar of Nemelex Xobeh.
  6788 | D:6      | Found a runed door.
  6829 | D:6      | Noticed Crazy Yiuf
  6839 | D:6      | Killed Crazy Yiuf
  7067 | D:6      | Reached skill level 6 in Spellcasting
  7144 | D:6      | Noticed Pikel
  7152 | D:6      | Reached skill level 6 in Hexes
  7159 | D:6      | HP: 12/41 [slave[Pikel] (3)]
  7160 | D:6      | Killed Pikel
  7160 | D:6      | Reached skill level 7 in Conjurations
  7160 | D:6      | Reached skill level 7 in Fire Magic
  7166 | D:6      | HP: 8/41 [poisoned by an adder]
  7427 | D:6      | Noticed Edmund
  7435 | D:6      | Killed Edmund
  7643 | D:6      | Reached skill level 7 in Spellcasting
  8003 | D:7      | Reached XP level 9. HP: 45/45 MP: 4/21
  8088 | D:7      | HP: 3/45 [orc warrior/mace (12)]
  8398 | D:7      | Reached skill level 8 in Conjurations
  8398 | D:7      | Reached skill level 8 in Fire Magic
  8657 | D:7      | Learned a level 5 spell: Fireball
  9236 | D:7      | Found a staircase to the Ecumenical Temple.
  9253 | Temple   | Entered the Ecumenical Temple
  9515 | Temple   | Became a worshipper of Vehumet
  9852 | D:8      | Reached skill level 8 in Spellcasting
 10125 | D:8      | Reached skill level 9 in Conjurations
 10125 | D:8      | Reached skill level 9 in Fire Magic
 10880 | D:9      | Noticed a two-headed ogre
 10915 | D:9      | Reached * piety under Vehumet
 10915 | D:9      | Offered knowledge of Magic Dart by Vehumet.
 10945 | D:9      | Killed a two-headed ogre
 10945 | D:9      | Reached XP level 10. HP: 50/50 MP: 0/24
 11289 | D:9      | Reached skill level 9 in Spellcasting
 11289 | D:9      | Reached skill level 10 in Conjurations
 11289 | D:9      | Reached skill level 10 in Fire Magic
 11303 | D:9      | HP: 13/50 [hippogriff (7)]
 11403 | D:9      | Noticed Erica
 11413 | D:9      | HP: 15/50 [Erica/bolt of poison (26)]
 11416 | D:9      | Killed Erica
 11547 | D:8      | Identified the +6 hand axe of the Fool {drain, rPois MP+9} (You found it on level 5 of the Dungeon)
 11735 | D:9      | Found an ancient bone altar of Kikubaaqudgha.
 11969 | D:10     | Entered Level 10 of the Dungeon
 12044 | D:10     | Reached ** piety under Vehumet
 12044 | D:10     | Offered knowledge of Sandblast by Vehumet.
 12199 | D:10     | Reached skill level 11 in Conjurations
 12199 | D:10     | Reached skill level 11 in Fire Magic
 12248 | D:10     | Reached skill level 1 in Fighting
 12274 | D:10     | Reached skill level 10 in Spellcasting
 12279 | D:10     | Reached skill level 1 in Shields
 12287 | D:10     | Reached skill level 2 in Fighting
 12665 | D:10     | Found a staircase to the Lair.
 12842 | D:10     | Noticed Mgcat's ghost (journeyman TrFi)
 12853 | D:10     | Killed Mgcat's ghost
 12853 | D:10     | Reached skill level 3 in Fighting
 12853 | D:10     | Reached skill level 2 in Shields
 12853 | D:10     | Reached XP level 11. HP: 20/60 MP: 16/27
 12981 | D:10     | Noticed a death yak
 13048 | D:10     | Noticed a death yak
 13049 | D:10     | Noticed a death yak
 13064 | D:10     | Killed a death yak
 13064 | D:10     | Reached skill level 4 in Fighting
 13066 | D:10     | Killed a death yak
 13066 | D:10     | Reached skill level 3 in Shields
 13068 | D:10     | Killed a death yak
 13069 | D:10     | Reached skill level 5 in Fighting
 13162 | D:10     | Noticed a two-headed ogre
 13179 | D:10     | Killed a two-headed ogre
 13919 | Lair:1   | Entered Level 1 of the Lair of Beasts
 13966 | Lair:1   | Reached skill level 4 in Shields
 14029 | Lair:1   | Reached skill level 6 in Fighting
 14081 | Lair:1   | Noticed a six-headed hydra
 14091 | Lair:1   | Killed a six-headed hydra
 14091 | Lair:1   | Reached skill level 3 in Dodging
 14115 | Lair:1   | Identified the Incunabulum of the Unstable Frostbite
 14240 | Lair:1   | Offered knowledge of Ignite Poison by Vehumet.
 14252 | Lair:1   | Found a dark tunnel.
 14257 | Volcano  | Entered a volcano
 14279 | Volcano  | Noticed a hell knight
 14304 | Volcano  | Learned a level 5 spell: Lightning Bolt
 14328 | Volcano  | HP: 19/66 [salamander/halberd (7)]
 14329 | Volcano  | Noticed a salamander mystic
 14329 | Volcano  | Slain by a hell knight

Vault maps used:
D:1:      lemuel_arrival_hallway, hangedman_abyss_or_decor_stabs,
          minmay_misc_feat_x, minmay_tree_intersection
D:2:      chequers_ecumenical_altar_grove, uniq_jessica
D:3:      xom_teletrap_fun
D:4:      cheibrodos_helix_gallery
D:5:      cheibrodos_quashed, gup_sewer_entry_pipe, first_ration, uniq_ijyb
D:6:      basic_altar, uniq_pikel, uniq_edmund, uniq_crazy_yiuf_cottage
D:7:      minmay_temple_entry_nine_rooms
D:9:      kiku_gazebo_garden_becter, uniq_erica
D:10:     dpeg_lair_monsters
Temple:   nicolae_temple_the_god_donut
Lair:1:   enter_volcano_4, minmay_holes, grunt_megastairs_4
Sewer:    sewer_kobolds
Volcano:  volcano_pools

Skill      XL: |  1  2  3  4  5  6  7  8  9 10 11 |
---------------+----------------------------------+-----
Conjurations   | 2 3 4 5 6 7 9 11 | 11.0
Spellcasting   | 4 5 7 8 10 | 10.0
Hexes          | 1 3 4 5 6 |  6.0
Fire Magic     | 4 5 6 7 9 11 | 11.0
Fighting       | 3 6 |  6.6
Shields        | 2 4 |  4.0
Dodging        | 3 |  3.9
Stealth        | |  2.4

Action                   |  1- 3 |  4- 6 |  7- 9 | 10-12 || total
-------------------------+-------+-------+-------+-------++-------
Melee: Whip              |     8 |    15 |    41 |    41 ||   105
       Hand axe          |       |       |       |    50 ||    50
Throw: Stone             |       |     3 |       |       ||     3
       Tomahawk          |       |       |     1 |       ||     1
 Cast: Flame Tongue      |    55 |   146 |   127 |    30 ||   358
       Throw Flame       |       |     6 |    52 |    81 ||   139
       Conjure Flame     |       |     5 |    20 |    24 ||    49
       Confuse           |       |     3 |    12 |     5 ||    20
       Sticky Flame      |       |       |     8 |    17 ||    25
       Lightning Bolt    |       |       |       |     8 ||     8
Evoke: Wand              |       |       |       |     1 ||     1
  Use: Scroll            |       |    12 |     7 |     8 ||    27
       Potion            |       |       |       |     2 ||     2
 Stab: Confused          |       |       |     4 |     1 ||     5
       Distracted        |       |       |     1 |       ||     1
       Paralysed         |       |       |       |     3 ||     3
       Sleeping          |       |       |       |     1 ||     1
  Eat: Chunk             |     2 |     9 |    13 |     8 ||    32
       Ration            |       |     1 |     1 |     1 ||     3
Armor: Robe              |     2 |     6 |    32 |    23 ||    63
Dodge: Dodged            |    13 |    39 |    50 |    72 ||   174
Block: Buckler           |       |       |       |     8 ||     8

Table legend:
 A = Spawn XP
 B = Non-spawn XP
 C = Spawn XP percentage of total XP
 D = Spawn monster count
 E = Non-spawn monster count
 F = Spawn count percentage of total count
 G = Total turns spent on level
                    A         B        C        D         E        F      G
               +---------+---------+-------+---------+---------+-------+---------
         Total |       0 |   19164 |   0.0 |       0 |     246 |   0.0 | 14329
               +---------+---------+-------+---------+---------+-------+---------
           D:1 |       0 |      66 |   0.0 |       0 |      24 |   0.0 |  1225
           D:2 |       0 |      90 |   0.0 |       0 |      19 |   0.0 |  1442
           D:3 |       0 |     102 |   0.0 |       0 |      27 |   0.0 |  1581
           D:4 |       0 |     354 |   0.0 |       0 |      15 |   0.0 |   759
           D:5 |       0 |     741 |   0.0 |       0 |      16 |   0.0 |  1431
           D:6 |       0 |    1163 |   0.0 |       0 |      12 |   0.0 |  1325
           D:7 |       0 |    1148 |   0.0 |       0 |      25 |   0.0 |  1268
           D:8 |       0 |     600 |   0.0 |       0 |      14 |   0.0 |  1245
           D:9 |       0 |    4371 |   0.0 |       0 |      40 |   0.0 |  1158
          D:10 |       0 |    8141 |   0.0 |       0 |      36 |   0.0 |  1950
        Lair:1 |       0 |    1753 |   0.0 |       0 |       6 |   0.0 |   338
         Sewer |       0 |     118 |   0.0 |       0 |      11 |   0.0 |   267
       Volcano |       0 |     517 |   0.0 |       0 |       1 |   0.0 |    72
               +---------+---------+-------+---------+---------+-------+---------

Table legend:
 A = Turns spent in this place as a percentage of turns spent in the entire game.
 B = Non-inter-level travel turns spent in this place as a percentage of non-inter-level travel turns spent in the entire game.
 C = Inter-level travel turns spent in this place as a percentage of turns spent in this place.
 D = Turns resting spent in this place as a percentage of non-inter-level travel turns spent in this place.
 E = Turns spent auto-exploring this place as a percentage of non-inter-level travel turns spent in this place.
 F = Non-inter-level travel turns spent in this place divided by the number of levels of this place that you've seen.
                   A       B       C       D       E      F
               +-------+-------+-------+-------+-------+----------------------
         Total | 100.0 | 100.0 |   5.2 |  26.6 |  44.8 | 969.9
       Dungeon |  93.4 |  93.1 |   5.6 |  28.1 |  45.7 | 1263.8
        Temple |   1.9 |   1.9 |   1.5 |   0.0 |  90.2 | 264.0
          Lair |   2.4 |   2.5 |   0.0 |   0.0 |   0.0 | 338.0
         Sewer |   1.9 |   2.0 |   0.0 |  26.6 |  24.7 | 267.0
       Volcano |   0.5 |   0.5 |   0.0 |   0.0 |   0.0 |  72.0
               +-------+-------+-------+-------+-------+----------------------

Vault maps used:
D:1:      lemuel_arrival_hallway, hangedman_abyss_or_decor_stabs,
          minmay_misc_feat_x, minmay_tree_intersection
D:2:      chequers_ecumenical_altar_grove, uniq_jessica
D:3:      xom_teletrap_fun
D:4:      cheibrodos_helix_gallery
D:5:      cheibrodos_quashed, gup_sewer_entry_pipe, first_ration, uniq_ijyb
D:6:      basic_altar, uniq_pikel, uniq_edmund, uniq_crazy_yiuf_cottage
D:7:      minmay_temple_entry_nine_rooms
D:9:      kiku_gazebo_garden_becter, uniq_erica
D:10:     dpeg_lair_monsters
Temple:   nicolae_temple_the_god_donut
Lair:1:   enter_volcano_4, minmay_holes, grunt_megastairs_4
Sewer:    sewer_kobolds
Volcano:  volcano_pools
